 Dungeon Crawl Stone Soup version 0.20-a0-3-g334f831 (webtiles) character file.

439 mrath the Cudgeler (level 6, -3/52 HPs)
             Began as a Minotaur Fighter on Oct 30, 2016.
             Killed by nerve-wracking pain
             ... invoked by Menkaure
              (4 damage)
             ... on level 4 of the Dungeon.
             The game lasted 00:15:08 (3637 turns).

mrath the Cudgeler (Minotaur Fighter)               Turns: 3637, Time: 00:15:10

Health: -3/52      AC: 11    Str: 23    XL:     6   Next: 70%
Magic:  5/5        EV:  6    Int:  5    God:
Gold:   232        SH:  9    Dex:  9    Spells: 0 memorised, 5 levels left

rFire  . . .     SeeInvis .     a - +0 flail
rCold  . . .     Gourm    .     i - +0 chain mail
rNeg   + . .     Faith    .     c - +0 shield
rPois  .         Spirit   .     r - +0 hat
rElec  .         Reflect  .     t - +0 cloak
rCorr  .         Harm     .     z - +0 pair of gloves
MR     .....                    (no boots)
Stlth  ..........               (no amulet)
                                (no ring)
                                B - ring of positive energy

@: no status effects
A: retaliatory headbutt, horns 2
a: no special abilities


You were on level 4 of the Dungeon.
You were hungry.

You visited 1 branch of the dungeon, and saw 4 of its levels.

You collected 232 gold pieces.

Inventory:

Hand Weapons
 a - a +0 flail (weapon)
Missiles
 e - 68 stones
 k - 19 poisoned needles
 n - 4 tomahawks
 C - 3 javelins (quivered)
Armour
 b - the cursed +0 ring mail of Follow the Leader {Dex+4 Stlth+, unknown}
   (You found it on level 4 of the Dungeon)

   It affects your dexterity (+4).
   It makes you more stealthy.
   It has a curse placed upon it.
 c - a +0 shield (worn)
 i - a +0 chain mail (worn)
 r - a +0 hat (worn)
 t - a +0 cloak (worn)
 z - a +0 pair of gloves (worn)
Jewellery
 B - a ring of positive energy (left hand)
Wands
 x - a wand of acid (7/15)
Scrolls
 g - 4 scrolls of immolation {unknown}
 j - 3 scrolls of identify
 l - a scroll of teleportation {unknown}
 o - 2 scrolls of amnesia {unknown}
 q - 2 scrolls of remove curse {unknown}
 s - 2 scrolls of enchant weapon {unknown}
 u - 2 scrolls of enchant armour {unknown}
 y - a scroll of magic mapping {unknown}
Potions
 d - a potion of might
 p - a potion of invisibility {unknown}
Comestibles
 f - 2 bread rations
 m - a meat ration
 v - 2 beef jerkies
 w - 10 fruits
 A - a slice of pizza


   Skills:
 + Level 4.2 Fighting
 + Level 6.5 Maces & Flails
 + Level 1.5 Throwing
 + Level 4.3 Armour
 + Level 2.1 Dodging
 + Level 4.3 Shields
 + Level 1.2 Evocations


You had 5 spell levels left.
You didn't know any spells.

Dungeon Overview and Level Annotations

Branches:
Dungeon (4/15)
 Temple: D:4-7

Altars:
Ashenzari
Hepliaklqana
Yredelemnul

Annotations:
D:3 1 runed door
D:4 Menkaure, Robin


Innate Abilities, Weirdness & Mutations

You reflexively headbutt those who attack you in melee.
You have a pair of horns on your head.


Message History

Menkaure hits you!
Menkaure gestures wildly while chanting.
You hit Menkaure but do no damage.
Menkaure is heavily damaged.
Menkaure calls on the powers of darkness!
Your body is wracked with pain!
You hit Menkaure.
Menkaure is heavily damaged.
You block Menkaure's attack.
You barely miss Menkaure. Your headbutt misses Menkaure.
Menkaure is heavily damaged.
Menkaure hits you!
* * * LOW HITPOINT WARNING * * *
Your shield prevents you from hitting Menkaure.
Menkaure is heavily damaged.
Menkaure hits you!
* * * LOW HITPOINT WARNING * * *
Menkaure gestures at you while chanting.
Pain shoots through your body!
You die...

#.#############..# #.#..
..#..# # #.#.# #.#..#
##.##.#.#.##### #.#..#
...>..........# #.#..#
##..#.#.#.###.# #.#..# #
#.#.#.# #.# #.#..# #
#.#.###.#####.#..#######
.......@.....<.)........
#.#####M#######.#.######
#.#.# ..........#.#
..#+####'#.####.....##
#............'......#
+..........###......#
#..(.......# #####..#
#.........o## #..#
#...........# #..#


You could see Menkaure and an orc (wandering).

Vanquished Creatures
  An ice beast (D:4)
  An ogre (D:4)
  An orc priest (D:4)
  A human zombie (D:3)
  An orc wizard (D:4)
  2 worker ants
  4 adders
  An ooze (D:2)
  A worm (D:2)
  3 dart slugs
  A leopard gecko (D:1)
  11 orcs (D:4)
  9 bats
  A giant cockroach (D:1)
  12 goblins
  7 hobgoblins
  4 quokkas
  4 frilled lizards
  5 kobolds
  10 rats
80 creatures vanquished.

Notes
Turn   | Place    | Note
-------+----------+-------------------------------------------
     0 | D:1      | mrath the Minotaur Fighter began the quest for the Orb.
     0 | D:1      | Reached XP level 1. HP: 19/19 MP: 0/0
   167 | D:1      | Reached skill level 3 in Maces & Flails
   232 | D:1      | Reached XP level 2. HP: 26/26 MP: 1/1
   459 | D:1      | Reached skill level 4 in Maces & Flails
   676 | D:1      | Reached XP level 3. HP: 30/31 MP: 2/2
   867 | D:2      | Found a shattered altar of Ashenzari.
  1223 | D:2      | Found a hazy altar of Hepliaklqana.
  1242 | D:2      | Reached skill level 5 in Maces & Flails
  1439 | D:2      | Reached XP level 4. HP: 39/39 MP: 3/3
  2030 | D:3      | Found a runed door.
  2030 | D:3      | Noticed a human
  2034 | D:3      | Found a basalt altar of Yredelemnul.
  2194 | D:3      | Found a faded altar of an unknown god.
  2203 | D:3      | Reached skill level 6 in Maces & Flails
  2373 | D:3      | Reached XP level 5. HP: 40/46 MP: 4/4
  3016 | D:4      | Reached skill level 1 in Dodging
  3072 | D:4      | Got a polished ring mail
  3099 | D:4      | Noticed an ogre
  3108 | D:4      | Killed an ogre
  3108 | D:4      | Reached skill level 1 in Throwing
  3108 | D:4      | Reached XP level 6. HP: 52/52 MP: 5/5
  3212 | D:4      | Reached skill level 1 in Evocations
  3279 | D:4      | Noticed Robin
  3279 | D:4      | Noticed Menkaure
  3608 | D:4      | Noticed an ice beast
  3618 | D:4      | Killed an ice beast
  3637 | D:4      | HP: 1/52 [Menkaure (12)]
  3637 | D:4      | Killed from afar by Menkaure

Vault maps used:
D:1:      minmay_arrival_widening_spiral_wide
D:2:      nicolae_overflow_hidden_temple, nicolae_ashenzari_panopticon
D:3:      ecumenical_altar_2, bh_chokoban, dk_yredelemnul_ordeal
D:4:      uniq_robin, uniq_menkaure

Skill      XL: |  1  2  3  4  5  6 |
---------------+-------------------+-----
Maces & Flails | 3 4 5 6 |  6.5
Dodging        | 1 2 |  2.1
Fighting       | 4 |  4.2
Throwing       | 1 |  1.5
Armour         | 4 |  4.3
Shields        | 4 |  4.3
Evocations     | 1 |  1.2

Action                   |  1- 3 |  4- 6 || total
-------------------------+-------+-------++-------
Melee: Flail             |    86 |   111 ||   197
       Headbutt          |     9 |    21 ||    30
Throw: Javelin           |     1 |     5 ||     6
  Use: Scroll            |       |     1 ||     1
  Eat: Chunk             |     2 |     6 ||     8
Armor: Scale mail        |    25 |    23 ||    48
       Chain mail        |       |    22 ||    22
Dodge: Dodged            |    31 |    30 ||    61
Block: Shield            |    36 |    45 ||    81
